Workbook

Sheet cash flow forecast
A1: Cash flow Forecast
A2: Drew Tiling PTY LTD
A3: 01 May 2020 - 31 May 2020
A4: ABN: 13-628-895-661
B6: Total
A7: Income | B7: =2400*4+B11+B12+B13 -> 11435
A8: Interest | B8: 0
A10: Expense
A11: COGS | B11: 1500
A12: Motor vehicle expenses | B12: 250
A13: Telephone | B13: 85
A18: Total Expense | B18: =SUM(B11:B17) -> 1835
A21: Cash on hand | B21: =B7+B8-B18 -> 9600

Sheet bookkeeping
A1: Bookkeeping
A2: Drew Tiling PTY LTD
A3: 01 Apr 2020 - 30 Apr 2020
A4: ABN: 13-628-895-661
G8: 1 | H8: 2 | I8: 3 | J8: 4 | K8: 5 | L8: 6 | M8: 7 | N8: 8 | O8: 9 | P8: 10 | Q8: 11 | R8: 12 | S8: 13
A9: Date | B9: Details | C9: Amount | D9: GST | E9: Exp | F9: GST | G9: purchases | H9: phone | I9: packaging | J9: origin | K9: fuel | L9: Stationery | M9: POS fee | N9: R&M | O9: Bank fees | P9: storage | Q9: mobile | S9: Sundry
C10: Paid | D10: code | E10: code | F10: Amount
A11: 16/04/2020 | B11: fuel | C11: 41.34 | D11: 1 | E11: 5 | F11: =IF(D11=1,C11/11,"0") -> 3.7581818 | G11: =IF(E11=1,C11-F11," ") | H11: =IF(E11=2,C11-F11," ") | I11: =IF(E11=3,C11-F11," ") | J11: =IF(E11=4,C11-F11," ") | K11: =IF(E11=5,C11-F11," ") -> 37.581818 | L11: =IF(E11=6,C11-F11," ") | M11: =IF(E11=7,C11-F11," ") | N11: =IF(E11=8,C11-F11," ") | O11: =IF(E11=9,C11-F11," ") | P11: =IF(E11=10,C11-F11," ") | Q11: =IF(E11=11,C11-F11," ") | R11: =IF(E11=12,C11-F11," ") | S11: =IF(E11=13,C11-F11," ")
A12: 09/04/2020 | B12: fuel | C12: 52.8 | D12: 1 | E12: 5 | F12: =IF(D12=1,C12/11,"0") -> 4.8 | G12: =IF(E12=1,C12-F12," ") | H12: =IF(E12=2,C12-F12," ") | I12: =IF(E12=3,C12-F12," ") | J12: =IF(E12=4,C12-F12," ") | K12: =IF(E12=5,C12-F12," ") -> 48 | L12: =IF(E12=6,C12-F12," ") | M12: =IF(E12=7,C12-F12," ") | N12: =IF(E12=8,C12-F12," ") | O12: =IF(E12=9,C12-F12," ") | P12: =IF(E12=10,C12-F12," ") | Q12: =IF(E12=11,C12-F12," ") | R12: =IF(E12=12,C12-F12," ") | S12: =IF(E12=13,C12-F12," ")
A13: 29/04/2020 | B13: fuel | C13: 40.76 | D13: 1 | E13: 5 | F13: =IF(D13=1,C13/11,"0") -> 3.7054545 | G13: =IF(E13=1,C13-F13," ") | H13: =IF(E13=2,C13-F13," ") | I13: =IF(E13=3,C13-F13," ") | J13: =IF(E13=4,C13-F13," ") | K13: =IF(E13=5,C13-F13," ") -> 37.054545 | L13: =IF(E13=6,C13-F13," ") | M13: =IF(E13=7,C13-F13," ") | N13: =IF(E13=8,C13-F13," ") | O13: =IF(E13=9,C13-F13," ") | P13: =IF(E13=10,C13-F13," ") | Q13: =IF(E13=11,C13-F13," ") | R13: =IF(E13=12,C13-F13," ") | S13: =IF(E13=13,C13-F13," ")
A14: 02/04/2020 | B14: fuel | C14: 62.26 | D14: 1 | E14: 5 | F14: =IF(D14=1,C14/11,"0") -> 5.66 | G14: =IF(E14=1,C14-F14," ") | H14: =IF(E14=2,C14-F14," ") | I14: =IF(E14=3,C14-F14," ") | J14: =IF(E14=4,C14-F14," ") | K14: =IF(E14=5,C14-F14," ") -> 56.6 | L14: =IF(E14=6,C14-F14," ") | M14: =IF(E14=7,C14-F14," ") | N14: =IF(E14=8,C14-F14," ") | O14: =IF(E14=9,C14-F14," ") | P14: =IF(E14=10,C14-F14," ") | Q14: =IF(E14=11,C14-F14," ") | R14: =IF(E14=12,C14-F14," ") | S14: =IF(E14=13,C14-F14," ")
A15: 21/04/2020 | B15: fuel | C15: 53.64 | D15: 1 | E15: 5 | F15: =IF(D15=1,C15/11,"0") -> 4.8763636 | G15: =IF(E15=1,C15-F15," ") | H15: =IF(E15=2,C15-F15," ") | I15: =IF(E15=3,C15-F15," ") | J15: =IF(E15=4,C15-F15," ") | K15: =IF(E15=5,C15-F15," ") -> 48.763636 | L15: =IF(E15=6,C15-F15," ") | M15: =IF(E15=7,C15-F15," ") | N15: =IF(E15=8,C15-F15," ") | O15: =IF(E15=9,C15-F15," ") | P15: =IF(E15=10,C15-F15," ") | Q15: =IF(E15=11,C15-F15," ") | R15: =IF(E15=12,C15-F15," ") | S15: =IF(E15=13,C15-F15," ")
A16: 20/04/2020 | B16: nuway material | C16: 75.92 | D16: 1 | E16: 1 | F16: =IF(D16=1,C16/11,"0") -> 6.9018182 | G16: =IF(E16=1,C16-F16," ") -> 69.018182 | H16: =IF(E16=2,C16-F16," ") | I16: =IF(E16=3,C16-F16," ") | J16: =IF(E16=4,C16-F16," ") | K16: =IF(E16=5,C16-F16," ") | L16: =IF(E16=6,C16-F16," ") | M16: =IF(E16=7,C16-F16," ") | N16: =IF(E16=8,C16-F16," ") | O16: =IF(E16=9,C16-F16," ") | P16: =IF(E16=10,C16-F16," ") | Q16: =IF(E16=11,C16-F16," ") | R16: =IF(E16=12,C16-F16," ") | S16: =IF(E16=13,C16-F16," ")
A17: 28/04/2020 | B17: bunnings material | C17: 19.05 | D17: 1 | E17: 1 | F17: =IF(D17=1,C17/11,"0") -> 1.7318182 | G17: =IF(E17=1,C17-F17," ") -> 17.318182 | H17: =IF(E17=2,C17-F17," ") | I17: =IF(E17=3,C17-F17," ") | J17: =IF(E17=4,C17-F17," ") | K17: =IF(E17=5,C17-F17," ") | L17: =IF(E17=6,C17-F17," ") | M17: =IF(E17=7,C17-F17," ") | N17: =IF(E17=8,C17-F17," ") | O17: =IF(E17=9,C17-F17," ") | P17: =IF(E17=10,C17-F17," ") | Q17: =IF(E17=11,C17-F17," ") | R17: =IF(E17=12,C17-F17," ") | S17: =IF(E17=13,C17-F17," ")
A18: 28/04/2020 | B18: bunnings material | C18: 280.44 | D18: 1 | E18: 1 | F18: =IF(D18=1,C18/11,"0") -> 25.494545 | G18: =IF(E18=1,C18-F18," ") -> 254.94545 | H18: =IF(E18=2,C18-F18," ") | I18: =IF(E18=3,C18-F18," ") | J18: =IF(E18=4,C18-F18," ") | K18: =IF(E18=5,C18-F18," ") | L18: =IF(E18=6,C18-F18," ") | M18: =IF(E18=7,C18-F18," ") | N18: =IF(E18=8,C18-F18," ") | O18: =IF(E18=9,C18-F18," ") | P18: =IF(E18=10,C18-F18," ") | Q18: =IF(E18=11,C18-F18," ") | R18: =IF(E18=12,C18-F18," ") | S18: =IF(E18=13,C18-F18," ")
A19: 28/04/2020 | B19: bunnings material | C19: 280.44 | D19: 1 | E19: 1 | F19: =IF(D19=1,C19/11,"0") -> 25.494545 | G19: =IF(E19=1,C19-F19," ") -> 254.94545 | H19: =IF(E19=2,C19-F19," ") | I19: =IF(E19=3,C19-F19," ") | J19: =IF(E19=4,C19-F19," ") | K19: =IF(E19=5,C19-F19," ") | L19: =IF(E19=6,C19-F19," ") | M19: =IF(E19=7,C19-F19," ") | N19: =IF(E19=8,C19-F19," ") | O19: =IF(E19=9,C19-F19," ") | P19: =IF(E19=10,C19-F19," ") | Q19: =IF(E19=11,C19-F19," ") | R19: =IF(E19=12,C19-F19," ") | S19: =IF(E19=13,C19-F19," ")
A20: 13/04/2020 | B20: bunnings material | C20: 7.28 | D20: 1 | E20: 1 | F20: =IF(D20=1,C20/11,"0") -> 0.66181818 | G20: =IF(E20=1,C20-F20," ") -> 6.6181818 | H20: =IF(E20=2,C20-F20," ") | I20: =IF(E20=3,C20-F20," ") | J20: =IF(E20=4,C20-F20," ") | K20: =IF(E20=5,C20-F20," ") | L20: =IF(E20=6,C20-F20," ") | M20: =IF(E20=7,C20-F20," ") | N20: =IF(E20=8,C20-F20," ") | O20: =IF(E20=9,C20-F20," ") | P20: =IF(E20=10,C20-F20," ") | Q20: =IF(E20=11,C20-F20," ") | R20: =IF(E20=12,C20-F20," ") | S20: =IF(E20=13,C20-F20," ")
A21: 21/04/2020 | B21: bunnings material | C21: 9.48 | D21: 1 | E21: 1 | F21: =IF(D21=1,C21/11,"0") -> 0.86181818 | G21: =IF(E21=1,C21-F21," ") -> 8.6181818 | H21: =IF(E21=2,C21-F21," ") | I21: =IF(E21=3,C21-F21," ") | J21: =IF(E21=4,C21-F21," ") | K21: =IF(E21=5,C21-F21," ") | L21: =IF(E21=6,C21-F21," ") | M21: =IF(E21=7,C21-F21," ") | N21: =IF(E21=8,C21-F21," ") | O21: =IF(E21=9,C21-F21," ") | P21: =IF(E21=10,C21-F21," ") | Q21: =IF(E21=11,C21-F21," ") | R21: =IF(E21=12,C21-F21," ") | S21: =IF(E21=13,C21-F21," ")
A22: 18/04/2020 | B22: working pants | C22: 16 | D22: 1 | E22: 1 | F22: =IF(D22=1,C22/11,"0") -> 1.4545455 | G22: =IF(E22=1,C22-F22," ") -> 14.545455 | H22: =IF(E22=2,C22-F22," ") | I22: =IF(E22=3,C22-F22," ") | J22: =IF(E22=4,C22-F22," ") | K22: =IF(E22=5,C22-F22," ") | L22: =IF(E22=6,C22-F22," ") | M22: =IF(E22=7,C22-F22," ") | N22: =IF(E22=8,C22-F22," ") | O22: =IF(E22=9,C22-F22," ") | P22: =IF(E22=10,C22-F22," ") | Q22: =IF(E22=11,C22-F22," ") | R22: =IF(E22=12,C22-F22," ") | S22: =IF(E22=13,C22-F22," ")
... A33: 20/04/2020 | B33: CGU Insurance | C33: 59.57 | D33: 1 | E33: 13 | F33: =IF(D33=1,C33/11,"0") -> 5.4154545 | G33: =IF(E33=1,C33-F33," ") | H33: =IF(E33=2,C33-F33," ") | I33: =IF(E33=3,C33-F33," ") | J33: =IF(E33=4,C33-F33," ") | K33: =IF(E33=5,C33-F33," ") | L33: =IF(E33=6,C33-F33," ") | M33: =IF(E33=7,C33-F33," ") | N33: =IF(E33=8,C33-F33," ") | O33: =IF(E33=9,C33-F33," ") | P33: =IF(E33=10,C33-F33," ") | Q33: =IF(E33=11,C33-F33," ") | R33: =IF(E33=12,C33-F33," ") | S33: =IF(E33=13,C33-F33," ") -> 54.154545
D34: 1 | F34: =IF(D34=1,C34/11,"0") -> 0 | G34: =IF(E34=1,C34-F34," ") | H34: =IF(E34=2,C34-F34," ") | I34: =IF(E34=3,C34-F34," ") | J34: =IF(E34=4,C34-F34," ") | K34: =IF(E34=5,C34-F34," ") | L34: =IF(E34=6,C34-F34," ") | M34: =IF(E34=7,C34-F34," ") | N34: =IF(E34=8,C34-F34," ") | O34: =IF(E34=9,C34-F34," ") | P34: =IF(E34=10,C34-F34," ") | Q34: =IF(E34=11,C34-F34," ") | R34: =IF(E34=12,C34-F34," ") | S34: =IF(E34=13,C34-F34," ")
D35: 1 | F35: =IF(D35=1,C35/11,"0") -> 0 | G35: =IF(E35=1,C35-F35," ") | H35: =IF(E35=2,C35-F35," ") | I35: =IF(E35=3,C35-F35," ") | J35: =IF(E35=4,C35-F35," ") | K35: =IF(E35=5,C35-F35," ") | L35: =IF(E35=6,C35-F35," ") | M35: =IF(E35=7,C35-F35," ") | N35: =IF(E35=8,C35-F35," ") | O35: =IF(E35=9,C35-F35," ") | P35: =IF(E35=10,C35-F35," ") | Q35: =IF(E35=11,C35-F35," ") | R35: =IF(E35=12,C35-F35," ") | S35: =IF(E35=13,C35-F35," ")
D36: 1 | F36: =IF(D36=1,C36/11,"0") -> 0 | G36: =IF(E36=1,C36-F36," ") | H36: =IF(E36=2,C36-F36," ") | I36: =IF(E36=3,C36-F36," ") | J36: =IF(E36=4,C36-F36," ") | K36: =IF(E36=5,C36-F36," ") | L36: =IF(E36=6,C36-F36," ") | M36: =IF(E36=7,C36-F36," ") | N36: =IF(E36=8,C36-F36," ") | O36: =IF(E36=9,C36-F36," ") | P36: =IF(E36=10,C36-F36," ") | Q36: =IF(E36=11,C36-F36," ") | R36: =IF(E36=12,C36-F36," ") | S36: =IF(E36=13,C36-F36," ")
D37: 1 | F37: =IF(D37=1,C37/11,"0") -> 0 | G37: =IF(E37=1,C37-F37," ") | H37: =IF(E37=2,C37-F37," ") | I37: =IF(E37=3,C37-F37," ") | J37: =IF(E37=4,C37-F37," ") | K37: =IF(E37=5,C37-F37," ") | L37: =IF(E37=6,C37-F37," ") | M37: =IF(E37=7,C37-F37," ") | N37: =IF(E37=8,C37-F37," ") | O37: =IF(E37=9,C37-F37," ") | P37: =IF(E37=10,C37-F37," ") | Q37: =IF(E37=11,C37-F37," ") | R37: =IF(E37=12,C37-F37," ") | S37: =IF(E37=13,C37-F37," ")
D38: 1 | F38: =IF(D38=1,C38/11,"0") -> 0 | I38: =IF(E38=3,C38-F38," ")
B39: Total | C39: =SUM(C11:C38) -> 2864.69 | F39: =SUM(F11:F38) -> 260.42636 | G39: =SUM(G11:G38) -> 2022.8636 | H39: =SUM(H11:H38) -> 0 | I39: =SUM(I11:I38) -> 0 | J39: =SUM(J11:J38) -> 0 | K39: =SUM(K11:K38) -> 228 | L39: =SUM(L11:L38) -> 107.27273 | M39: =SUM(M11:M38) -> 0 | ... S39: =SUM(S11:S38) -> 168.42727

Sheet Copies of transaction records
A1: 43951 | B1: -19.05 | C1: '4303301000828291' | E1: CREDIT CARD PURCHASE | F1: BUNNINGS 487000 UNDERWOOD | G1: -1950.36
A2: 43951 | B2: -280.44 | C2: '4303301000828291' | E2: CREDIT CARD PURCHASE | F2: BUNNINGS 487000 UNDERWOOD | G2: -1931.31
A3: 43951 | B3: -280.44 | C3: '4303301000828291' | E3: CREDIT CARD PURCHASE | F3: BUNNINGS 487000 UNDERWOOD | G3: -1650.87
A4: 43950 | B4: -25.14 | C4: '4303301000828291' | E4: CREDIT CARD PURCHASE | F4: LINKT BRISBANE BRISBANE | G4: -1370.43
A5: 43949 | B5: -47.51 | C5: '4303301000828291' | E5: CREDIT CARD PURCHASE | F5: MEGA DISC FRUIT MARK CALAMVALE | G5: -1345.29
A6: 43949 | B6: -69.95 | C6: '4303301000828291' | E6: CREDIT CARD PURCHASE | F6: EB GAMES SUNNYBANK HIL | G6: -1297.78
A7: 43949 | B7: -446.8 | C7: '4303301000828291' | E7: CREDIT CARD PURCHASE | F7: GO IMPORTS AND EXPORTS UNDERWOOD | G7: -1227.83
A8: 43949 | B8: 2203.11 | C8: '4303301000828291' | E8: CREDIT CARD PAYMENT | F8: DIRECT DEBIT PAYMENT | G8: -781.03
A9: 43948 | B9: -25.14 | C9: '4303301000828291' | E9: CREDIT CARD PURCHASE | F9: LINKT BRISBANE BRISBANE | G9: -2984.14
A10: 43944 | B10: -9.48 | C10: '4303301000828291' | E10: CREDIT CARD PURCHASE | F10: BUNNINGS 604000 BROWNS PLAINS | G10: -2959
A11: 43943 | B11: -10.95 | C11: '4303301000828291' | E11: CREDIT CARD PURCHASE | F11: KFC BROWNS PLAINS BROWNS PLAINS | G11: -2949.52
A12: 43942 | B12: -75.92 | C12: '4303301000828291' | E12: CREDIT CARD PURCHASE | F12: NUWAY FORESTDALE FORESTDALE | G12: -2938.57
... A32: 43927 | B32: -25.14 | C32: '4303301000828291' | E32: CREDIT CARD PURCHASE | F32: LINKT BRISBANE BRISBANE | G32: -1320.82

Sheet Supplier account

Sheet invoice

Sheet Business Activity Statement

Sheet Profit and Loss Statement
A1: Profit and loss
A2: Drew Tiling PTY LTD
A3: 01 Apr 2020 - 30 Apr 2020
A4: ABN: 13-628-895-661
C7: Total
A8: Income
B9: Sales | C9: 25130.2
A10: Total Income | C10: =SUM(C9:C9) -> 25130.2
A12: Less Cost of Sales
B13: Materials | C13: =bookkeeping!G25+bookkeeping!G26+bookkeeping!G27+bookkeeping!G28+bookkeeping!G31+bookkeeping!G29+bookkeeping!G16 -> 1424.9636
A14: Total Cost of Sales | C14: =SUM(C13) -> 1424.9636
A17: Gross Profit | C17: =C10-C14 -> 23705.236
A19: Less Expense
B20: Motor vehicle expenses | C20: =SUM(bookkeeping!K11:K15) -> 228
B21: Office supplies | C21: =bookkeeping!L23 -> 107.27273
B22: Telephone | C22: =bookkeeping!Q30 -> 77.7
B23: others | C23: =SUM(bookkeeping!G39:S39)-'Profit and Loss Statement'!C13-'Profit and Loss Statement'!C20-'Profit and Loss Statement'!C21-'Profit and Loss Statement'!C22 -> 766.32727
A30: Total Expense | C30: =SUM(C20:C29) -> 1179.3
A33: Operating Profit | C33: =C17-C30 -> 22525.936
A35: Plus Other Income
B36: Interest | C36: 0
B37: GST REFUND | C37: 0
B38: Other income | C38: 0
A39: Total Other Income | C39: =SUM(C36:C38) -> 0
A41: Less Other Expense
A42: Total Other Expense | C42: 0
A45: Net Profit | C45: =C33+C39-C42 -> 22525.936

Sheet financial plan
A1: 1. Provide service to exsiting customers.
A2: 2. Look for 1-2 tilers to meet more job requirements.
A3: 3. Keep the receivables pay on time to meet the cash flow for employees wages, instead of applying for financal loan.
A4: 4. Negotiate with the supplier about the increasing demond of materials to get a better quote.
